 Dungeon Crawl Stone Soup version 0.28.0 (webtiles) character file.

Game seed: 17366313026093435773

10 sanka the Magician (level 2, 14/14 HPs)
             Began as a Deep Elf Transmuter on Feb 8, 2022.
             Was a Follower of Hepliaklqana.
             Quit the game on level 1 of the Dungeon.
             The game lasted 00:00:30 (603 turns).

sanka the Magician (Deep Elf Transmuter)             Turns: 603, Time: 00:00:31

Health: 14/14      AC:  2    Str:  7    XL:     2   Next: 10%
Magic:  8/9        EV: 12    Int: 17    God:    Hepliaklqana [*.....]
Gold:   0          SH:  0    Dex: 15    Spells: 8/9 levels left

rFire   . . .      SeeInvis .     - Unarmed
rCold   . . .      Faith    .   (no shield)
rNeg    . . .      Spirit   .   a - +0 robe
rPois   .          Reflect  .   (helmet currently unavailable)
rElec   .          Harm     .   (no cloak)
rCorr   .          Rampage  .   (no gloves)
Will    .....                   (boots currently unavailable)
Stlth   +.........              (no amulet)
HPRegen 0.04/turn               (no ring)
MPRegen 0.11/turn               (no ring)

@: appendages
A: horns 2, talons 2, reduced essence
a: End Transformation, Renounce Religion, Recall Ancestor, Ancestor Identity


You were on level 1 of the Dungeon.
You worshipped Hepliaklqana.
Hepliaklqana was aware of your devotion.
You had temporarily grown beastly horns and talons.
You visited 1 branch of the dungeon, and saw 1 of its levels.

Inventory:

Armour
 a - a +0 robe (worn)


   Skills:
 - Level 0.7 Fighting
 - Level 2.4 Dodging
 - Level 2.4 Unarmed Combat
 + Level 4.1 Spellcasting
 - Level 2.1 Transmutations


You had 8 spell levels left.
You knew the following spells:

 Your Spells              Type           Power      Damage    Failure   Level
a - Beastly Appendage     Tmut           20%        N/A       6%          1

Your spell library contained the following spells:

 Spells                   Type           Power      Damage    Failure   Level
 Wereblood                Tmut           10%        N/A       10%         2
 Spider Form              Tmut/Pois      7%         N/A       30%         3
 Ice Form                 Ice/Tmut       7%         N/A       69%         4


Dungeon Overview and Level Annotations

Branches:
Dungeon (1/15)

Altars:
Hepliaklqana


Innate Abilities, Weirdness & Mutations

You have temporarily grown beastly horns and talons.
Your life essence is reduced to manifest your ancestor. (-10% HP)


Message History

You start resting.
Magic restored.
Things that are here:
a +0 dagger; a kobold corpse Your horns disappear.
Your talons disappear.
You see here a +0 whip.
A hobgoblin comes into view.
The hobgoblin shouts!
A hobgoblin is nearby!
You grow a pair of large bovine horns.
Your feet morph into talons.
Found a buckler.
You hit the hobgoblin but do no damage. You claw the hobgoblin.
The hobgoblin is moderately wounded.
The hobgoblin closely misses you.
You closely miss the hobgoblin.
The hobgoblin is moderately wounded.
The hobgoblin barely misses you.
You hit the hobgoblin. You headbutt the hobgoblin.
You kill the hobgoblin!
Your Spellcasting skill increases to level 4!
You have reached level 2!
Your transformation is almost over.
Found a faded altar of an unknown god.
An endoplasm comes into view.
The endoplasm quivers.
There is a fountain of clear blue water here.
You extend your transformation's duration.
The endoplasm barely misses you.
You hit the endoplasm. You claw the endoplasm.
You kill the endoplasm!
There is a faded altar of an unknown god here.
You cannot tell which god this altar belongs to.
Convert to them anyway?
Hepliaklqana accepts your prayer! Hepliaklqana welcomes you!
Hepliaklqana forms a fragment of your life essence into the memory of your ancestor, Inhapi!
You can now recall your ancestor.
You can now remember your ancestor's identity.
Unknown command.
Press < or > to pray at altars.
Are you sure you want to abandon this character and quit the game? (Confirm with "yes".)

#.#### ## ##### #..... .♣♣
#...# #..... ..♣♣
####...###.....
♣..♣♣#........#..... ♣♣♣♣♣
...♣#........#.#### ...
.....♣♣♣♣..♣...............
[..♣ ♣......8♣#........#.####
....♣♣ ♣♣.⌠..@♣#............#
...... ♣♣...R.8♣#..........#.#
......
♣♣♣.♣♣♣♣..♣†..........#.##
......♣♣...♣
♣.♣♣...........#... #....♣♣♣♣
.♣♣..##.#.##...#### #......#
#♣.♣...##.#......#... ####...#
#.♣♣........##.....## #...#
#.#................#.
#####...###.#..........#.#.#.#.


You could see the friendly Inhapi the ancestor.

Vanquished Creatures
  A dart slug (D:1)
  A ball python (D:1)
  A bat (D:1)
  An endoplasm (D:1)
  A hobgoblin (D:1)
  A frilled lizard (D:1)
  2 kobolds (D:1)
8 creatures vanquished.

Notes
Turn   | Place    | Note
-------+----------+-------------------------------------------
     0 | D:1      | sanka the Deep Elf Transmuter began the quest for the Orb.
     0 | D:1      | Reached XP level 1. HP: 11/11 MP: 6/6
   589 | D:1      | Reached skill level 4 in Spellcasting
   589 | D:1      | Reached XP level 2. HP: 16/16 MP: 7/9
   593 | D:1      | Found a faded altar of an unknown god.
   602 | D:1      | Prayed at the altar of an unknown god.
   602 | D:1      | Became a worshipper of Hepliaklqana the Forgotten
   602 | D:1      | Reached * piety under Hepliaklqana
   603 | D:1      | Quit the game

Illustrated notes

Levels and vault maps discovered:
D:1:      dpeg_arrival_chambers_temple_mockup, layout_basic,
          shapermc_ecumenical_altar_totnotflames,
          chequers_serial_rivers_large_b, minmay_small_reverse_x

Skill      XL: |  1 |
---------------+----+-----
Spellcasting   | 4 |  4.1
Fighting       | |  0.7
Dodging        | |  2.4
Unarmed Combat | |  2.4
Transmutations | |  2.1

Action                   || total
-------------------------++-------
Melee: Unarmed           ||    22
       Kick              ||     4
       Headbutt          ||     3
 Cast: Beastly Appendage ||     7
Armor: Robe              ||     4
Dodge: Dodged            ||     9
